 Dungeon Crawl Stone Soup version 0.28-a0-247-gb8bfbab023 (webtiles) character file.

Game seed: 10462264089747972456

6403 rogsnak the Thaumaturge (level 11, -7/74 HPs)
             Began as a Djinni Fire Elementalist on Aug 25, 2021.
             Was a Believer of the Shining One.
             Shot with an arrow by a centaur warrior (22 damage)
             ... on level 8 of the Dungeon on Aug 26, 2021.
             The game lasted 00:19:05 (10359 turns).

rogsnak the Thaumaturge (Djinni Fire Elementalist) Turns: 10359, Time: 00:19:05

Health: -7/74      AC:  6    Str:  7    XL:     11   Next: 18%
Gold:   477        EV: 13    Int: 19    God:    the Shining One [**....] SH:  3 Dex: 15

rFire   + + .      SeeInvis +   w - +2 short sword (venom)
rCold   x . .      Faith    .   G - +0 buckler
rNeg    + . .      Spirit   .   M - +0 troll leather armour
rPois   ∞          Reflect  .   i - +0 helmet
rElec   .          Harm     .   (no cloak)
rCorr   .          Rampage  .   g - +0 pair of gloves
Will    +....                   (boots unavailable)
Stlth   +.........              Q - amulet of the acrobat
HPRegen 1.22/turn               p - ring of see invisible
MPRegen 0.00/turn               (no ring)

@: flying, glowing
A: sickness immunity, fire resistance 2, cold vulnerability 1, float, innate
caster, hp casting, extra vitality 1
a: Renounce Religion, Divine Shield


You were on level 8 of the Dungeon.
You worshipped the Shining One.
The Shining One was pleased with you.
You visited 2 branches of the dungeon, and saw 9 of its levels.

You collected 477 gold pieces.

Inventory:

Hand Weapons
 b - a +0 short sword
 c - a +0 long sword
 h - a +1 dagger of flaming
 m - a +0 quarterstaff
 u - a +3 vorpal great mace
 w - a +2 short sword of venom (weapon)
 C - a +3 flail of protection
 S - the +6 hunting sling of Hasisefy {vorpal, rN++ Will-}
   (You found it on level 7 of the Dungeon)

   Any ammunition fired from it inflicts extra damage upon your enemies.
   rN:        It greatly protects you from negative energy.
   Will:      It decreases your willpower.
Missiles
 d - 36 bolts
 j - 45 poisoned darts
 n - 6 javelins
 o - 25 boomerangs
 t - 2 throwing nets
 y - a curare-tipped dart
Armour
 a - a +0 robe
 g - a +0 pair of gloves (worn)
 i - a +0 helmet (worn)
 F - +0 steam dragon scales
 G - a +0 buckler (worn)
 I - a +0 robe of positive energy
 M - a +0 troll leather armour (worn)
Magical Staves
 B - a staff of fire
Jewellery
 p - a ring of see invisible (left hand)
 Q - an amulet of the acrobat (around neck)
Wands
 v - a wand of flame (16)
Scrolls
 e - a scroll of fog {unknown}
 k - 6 scrolls of identify {unknown}
 l - 2 scrolls of teleportation {unknown}
 r - a scroll of amnesia {unknown}
 s - a scroll of noise {unknown}
 A - a scroll of torment {unknown}
 K - 2 scrolls of enchant armour {unknown}
 L - a scroll of summoning {unknown}
 N - 2 scrolls of vulnerability {unknown}
 P - 2 scrolls of magic mapping {unknown}
 T - a scroll of blinking {unknown}
Potions
 f - 5 potions of curing {unknown}
 q - 2 potions of heal wounds
 x - 3 potions of flight {unknown}
 z - 2 potions of brilliance {unknown}
 D - a potion of invisibility {unknown}
 E - 2 potions of berserk rage {unknown}
 H - a potion of might {unknown}
 J - a potion of mutation {unknown}
 O - a potion of resistance {unknown}
 R - 2 potions of lignification {unknown}


   Skills:
 + Level 4.4 Fighting
 + Level 0.8 Armour
 + Level 5.7 Dodging
 - Level 1.5 Stealth
 + Level 11.5 Spellcasting


You had 4 spell levels left.
You knew the following spells:

 Your Spells              Type           Power      Damage    Failure   Level
a - Foxfire               Conj/Fire      100%       2x1d9     1%          1
b - Conjure Flame         Conj/Fire      53%        6-21      1%          3
c - Inner Flame           Hex/Fire       53%        N/A       1%          3
d - Sticky Flame          Conj/Fire      53%        2d7       1%          4
e - Fireball              Conj/Fire      26%        3d12      3%          5
f - Magic Dart            Conj           100%       1d8       1%          1
g - Call Imp              Summ           53%        N/A       1%          2
h - Swiftness             Air            53%        N/A       1%          3
i - Spider Form           Tmut/Pois      26%        N/A       1%          3
j - Leda's Liquefaction   Hex/Erth       26%        N/A       1%          4
Your spell library was empty.

Dungeon Overview and Level Annotations

Branches:
Dungeon (8/15)             Temple (1/1) D:5
   Lair: D:8-11

Altars:
Ashenzari
Cheibriados
Dithmenos
Elyvilon
Fedhas
Gozag
Hepliaklqana
Kikubaaqudgha
Makhleb
Nemelex Xobeh
Okawaru
Qazlal
Ru
Sif Muna
Trog
Uskayaw
Vehumet
Xom
Yredelemnul
Zin
The Shining One

Shops:
D:1 ?

Annotations:
D:4 2 runed translucent doors


Innate Abilities, Weirdness & Mutations

You are immune to sickness and miasma.
You are immune to poison.
Your flesh is very heat resistant. (rF++)
You are vulnerable to cold. (rC-)
You float through the air rather than walking.
You learn spells naturally, not from books.
Your magical power is your life essence.
You have superior vitality. (+4 HP)


Message History

The barbed spikes dig painfully into your body as you move.
* * * LOW HITPOINT WARNING * * *
Unknown command.
Casting: Fireball (dangerous; 3% risk of failure)
Confirm with . or Enter, or press ? or * to list all spells.
Okay, then.
It was a potion of heal wounds.
You feel much better.
Unknown command.
Casting: Fireball (dangerous; 3% risk of failure)
Confirm with . or Enter, or press ? or * to list all spells.
Aiming: Fireball (dangerous; 3% risk of failure)
Press: ? - help, Shift-Dir - straight line The fireball explodes!
You carefully extract the barbed spikes from your body.
You hear an angry hiss.
You hear a shout!
You hear a bellow!
You hear a shout!
Unknown command.
Casting: Fireball (dangerous; 3% risk of failure)
Confirm with . or Enter, or press ? or * to list all spells.
Aiming: Fireball (dangerous; 3% risk of failure)
Press: ? - help, Shift-Dir - straight line, f - centaur warrior
Aim: a centaur warrior, wielding a +0 longbow and quivering arrows (haloed)
The fireball explodes!
The fireball engulfs the centaur warrior!
The centaur warrior is moderately wounded.
You hear a shout!
You hear a bellow!
The centaur warrior shoots an arrow.
The arrow closely misses you.
Unknown command.
Casting: Fireball (dangerous; 3% risk of failure)
Confirm with . or Enter, or press ? or * to list all spells.
Aiming: Fireball (dangerous; 3% risk of failure)
Press: ? - help, Shift-Dir - straight line, f/p - centaur warrior
Aim: a centaur warrior, wielding a +0 longbow and quivering arrows (moderately wounded, haloed)
The fireball explodes!
The fireball engulfs the centaur warrior!
The centaur warrior is heavily wounded.
You hear a bellow!
You hear a shout!
The centaur warrior shoots an arrow.
The arrow hits you!
* * * LOW HITPOINT WARNING * * *
The centaur warrior shoots an arrow.
The arrow hits you!!
You die...

... ...# ....#
. ....# .. ...
...
######.#####
....
#...........
.....
#@....######
.....†#.....##
.c.$..c......#
.........###.#
###...#### #.#
####
##.#######
#.........
#.........#
##.........#


You could see a centaur warrior.

Vanquished Creatures
  A manticore (D:8)
  2 gargoyles (D:7)
  5 trolls (D:7)
  Grinder (D:5)
  Prince Ribbit (D:7)
  A shadow (D:7)
  A wyvern (D:4)
  2 steam dragons (D:6)
  4 water moccasins
  An acid dragon (D:7)
  An ice beast (D:7)
  An orc warrior (D:7)
  A black bear (D:6)
  3 necrophages
  5 ogres
  A centaur (D:7)
  A phantom (D:4)
  3 bullfrogs
  2 kobold brigands (D:4)
  3 scorpions
  A wyvern skeleton (D:7)
  3 wights (D:8)
  3 killer bees
  A bullfrog zombie (D:5)
  3 hounds
  2 jellies
  A gnoll shaman (D:5)
  4 orc priests
  2 centaur skeletons
  2 bullfrog skeletons (D:4)
  2 iguanas (D:7)
  5 orc wizards
  A killer bee zombie (D:7)
  A hound skeleton (D:4)
  A howler monkey zombie (D:4)
  8 adders
  7 gnolls
  A white imp (D:6)
  2 ufetubi
  2 worms (D:4)
  23 orcs
  8 endoplasms
  4 giant cockroaches
  13 goblins
  7 hobgoblins
  5 jackals (D:1)
  4 quokkas
  6 ball pythons
  6 bats (D:1)
  2 frilled lizards (D:3)
  7 kobolds
  4 rats
181 creatures vanquished.

Vanquished Creatures (collateral kills)
  8 foxfires
8 creatures vanquished.

Vanquished Creatures (others)
  544 foxfires
  6 fungi
  16 plants
  5 toadstools (D:1)
571 creatures vanquished.

Grand Total: 760 creatures vanquished

Notes
Turn   | Place    | Note
-------+----------+-------------------------------------------
     0 | D:1      | rogsnak the Djinni Fire Elementalist began the quest for
                  | the Orb.
     0 | D:1      | Reached XP level 1. HP: 15/15 MP: 0/0
   226 | D:1      | Reached XP level 2. HP: 19/21 MP: 0/0
   263 | D:1      | Found Zojag's Magic Scroll Shoppe.
   669 | D:1      | Reached skill level 3 in Spellcasting
   703 | D:1      | Found a faded altar of an unknown god.
   789 | D:1      | Reached XP level 3. HP: 19/25 MP: 0/0
   789 | D:1      | Learned a level 1 spell: Magic Dart
  1019 | D:1      | Upgraded the game from 0.28-a0-245-g639a1a48b9 to
                  | 0.28-a0-247-gb8bfbab023
  1876 | D:2      | Reached XP level 4. HP: 8/31 MP: 0/0
  2809 | D:3      | Reached XP level 5. HP: 29/36 MP: 0/0
  2809 | D:3      | Learned a level 2 spell: Call Imp
  2923 | D:3      | Reached skill level 4 in Spellcasting
  3761 | D:4      | Noticed a phantom
  3768 | D:4      | Reached XP level 6. HP: 31/41 MP: 0/0
  4043 | D:4      | Reached skill level 5 in Spellcasting
  4238 | D:4      | Reached skill level 1 in Fighting
  4283 | D:4      | Found a large runed translucent door.
  4283 | D:4      | Found a large runed translucent door.
  4286 | D:4      | Noticed an ogre
  4291 | D:4      | Killed an ogre
  4292 | D:4      | Reached XP level 7. HP: 44/47 MP: 0/0
  4292 | D:4      | Learned a level 3 spell: Swiftness
  4570 | D:4      | Found a large runed translucent door.
  4570 | D:4      | Found a large runed translucent door.
  4807 | D:4      | Noticed a wyvern
  4811 | D:4      | Killed a wyvern
  4812 | D:4      | Reached skill level 6 in Spellcasting
  4940 | D:4      | Reached XP level 8. HP: 49/52 MP: 0/0
  5316 | D:5      | Entered Level 5 of the Dungeon
  5696 | D:5      | Found a staircase to the Ecumenical Temple.
  5704 | Temple   | Entered the Ecumenical Temple
  6308 | Temple   | Became a worshipper of the Shining One
  6355 | D:5      | Reached skill level 7 in Spellcasting
  6673 | D:5      | Noticed Grinder
  6693 | D:5      | Killed Grinder
  6896 | D:5      | Reached XP level 9. HP: 49/59 MP: 0/0
  6896 | D:5      | Learned a level 3 spell: Spider Form
  7349 | D:6      | Reached skill level 8 in Spellcasting
  8408 | D:6      | Reached skill level 9 in Spellcasting
  8564 | D:7      | Reached * piety under the Shining One
  8610 | D:7      | Reached skill level 5 in Dodging
  8745 | D:7      | Reached XP level 10. HP: 59/67 MP: 0/0
  8855 | D:7      | Noticed a gargoyle
  8862 | D:7      | Killed a gargoyle
  8863 | D:7      | Reached skill level 10 in Spellcasting
  9402 | D:7      | Noticed Prince Ribbit
  9404 | D:7      | Killed Prince Ribbit
  9659 | D:7      | Noticed a gargoyle
  9663 | D:7      | Killed a gargoyle
  9664 | D:7      | Reached skill level 11 in Spellcasting
  9677 | D:7      | Reached XP level 11. HP: 34/74 MP: 0/0
  9677 | D:7      | Learned a level 4 spell: Leda's Liquefaction
 10105 | D:7      | Identified the +6 hunting sling of Hasisefy {vorpal, rN++
                  | Will-}
 10311 | D:8      | Reached ** piety under the Shining One
 10347 | D:8      | Noticed a manticore
 10350 | D:8      | Killed a manticore
 10353 | D:8      | Identified the +8 rapier "Feuman" {drain, Dex+3}
 10353 | D:8      | Noticed a centaur warrior
 10359 | D:8      | Shot with an arrow by a centaur warrior

Illustrated notes

Levels and vault maps discovered:
D:1:      ldierk_walled_garden, layout_basic, serial_shops, shop_fountains,
          shapermc_ecumenical_altar_ellora
D:2:      layout_loops_ring, amethyst_killhole
D:3:      corexii_shack_village, layout_rooms
D:4:      layout_cave_pools, minmay_hollow_rounded_squares
D:5:      layout_basic, minmay_temple_entry_proselytizer,
          hangedman_abyss_or_decor_jellyfish_corner, minmay_misc_feat_enclosed,
          hangedman_decor_clover_reticule, uniq_grinder
D:6:      kennysheep_steamy, layout_basic
D:7:      minmay_chambers_of_sevens, layout_cave_pools, minmay_shattered_shrine,
          uniq_prince_ribbit1
D:8:      layout_basic, gammafunk_ghost_split, minmay_pinched_square
Temple:   nicolae_temple_the_god_donut

Skill      XL: |  1  2  3  4  5  6  7  8  9 10 |
---------------+-------------------------------+-----
Spellcasting   | 3 4 5 6 7 9 11 | 11.5
Dodging        | 3 4 5 |  5.7
Fighting       | 1 2 3 4 |  4.4
Armour         | |  0.8
Stealth        | |  1.5

Action                   |  1- 3 |  4- 6 |  7- 9 | 10-12 || total
-------------------------+-------+-------+-------+-------++-------
Melee: Short sword       |     1 |       |    40 |     6 ||    47
       Long sword        |    11 |     7 |     3 |       ||    21
 Cast: Foxfire           |    63 |   127 |   135 |    30 ||   355
       Sticky Flame      |       |     1 |    18 |     8 ||    27
       Fireball          |       |       |     5 |    34 ||    39
  Use: Potion            |       |       |       |     1 ||     1
Armor: Robe              |     6 |     7 |     7 |       ||    20
       Steam dragon scal |       |       |     2 |       ||     2
Dodge: Dodged            |    14 |    24 |    34 |    10 ||    82
       Rpst.: Long sword |     5 |     7 |     1 |       ||    13

Table legend: (Time is in decaauts)
 A = Elapsed time spent in this place.
 B = Non-inter-level travel time spent in this place.
 C = Inter-level travel time spent in this place.
 D = Time resting spent in this place.
 E = Time spent auto-exploring this place.
 F = Levels seen in this place.
 G = Mean time per level.
                   A        B        C        D        E       F      G
               +--------+--------+--------+--------+--------+-----+--------+
         Total |  10370 |  10093 |    277 |   1287 |   7090 |   9 | 1152.2 |
       Dungeon |   9747 |   9470 |    277 |   1287 |   6629 |   8 | 1218.4 |
        Temple |    622 |    622 |      0 |      0 |    461 |   1 |  622.0 |
               +--------+--------+--------+--------+--------+-----+--------+

Top non-repeatable levels by time:
     D:4: 1764 daAuts
     D:1: 1559 daAuts
     D:6: 1525 daAuts
     D:7: 1435 daAuts
     D:5: 1346 daAuts
     D:2: 1246 daAuts
     D:3: 752 daAuts
  Temple: 622 daAuts
     D:8: 116 daAuts
